 Dungeon Crawl Stone Soup version 0.21.1-1-g345015fe64 (webtiles) character file.

385 IDKFA the Skirmisher (level 6, -1/52 HPs)
             Began as a Centaur Fighter on Apr 21, 2018.
             Was a Follower of Nemelex Xobeh.
             Slain by elQueFaltaba's ghost (3 damage)
             ... on level 4 of the Dungeon.
             The game lasted 00:21:51 (4648 turns).

IDKFA the Skirmisher (Centaur Fighter)              Turns: 4648, Time: 00:21:51

Health: -1/52      AC: 11    Str: 20    XL:     6   Next: 48%
Magic:  6/6        EV:  2    Int:  7    God:    Nemelex Xobeh [*.....]
Gold:   151        SH: 11    Dex:  9    Spells: 5/5 levels left

rFire    . . .     SeeInvis .   a - +0 war axe
rCold    . . .     Gourm    .   c - +0 shield
rNeg     . . .     Faith    .   w - +0 plate armour
rPois    .         Spirit   .   (no helmet)
rElec    .         Reflect  +   F - +0 cloak
rCorr    .         Harm     .   s - +0 pair of gloves
MR       .....                  (no barding)
Stlth    ..........             h - +2 amulet of reflection
HPRegen  0.17/turn              (no ring)
MPRegen  0.10/turn              (no ring)

@: very quick
A: large, hooves 3, deformed body, speed 2, tough skin 3
a: Renounce Religion


You were on level 4 of the Dungeon.
You worshipped Nemelex Xobeh.
Nemelex Xobeh was aware of your devotion.
You were not hungry.

You visited 1 branch of the dungeon, and saw 4 of its levels.

You collected 151 gold pieces.

Inventory:

Hand Weapons
 a - a +0 war axe (weapon)
 z - a +0 hand axe
 E - a +0 giant club
Armour
 b - a +0 scale mail
 c - a +0 shield (worn)
 e - a -2 pair of gloves
 i - a +0 ring mail
 o - a +0 leather armour
 q - a +0 robe
 s - a +0 pair of gloves (worn)
 v - a +0 robe
 w - a +0 plate armour (worn)
 x - a +0 plate armour
 y - a +0 robe
 B - a +0 leather armour
 C - a +0 ring mail
 F - a +0 cloak (worn)
 G - a cursed +0 chain mail
Jewellery
 h - a +2 amulet of reflection (around neck)
Wands
 A - a wand of random effects (31)
Scrolls
 j - a scroll of remove curse
 l - 2 scrolls of blinking {unknown}
 n - 2 scrolls of noise {unknown}
 p - a scroll of enchant weapon {unknown}
 r - a scroll of teleportation {unknown}
 t - 5 scrolls of identify {unknown}
Potions
 d - a potion of might
 g - a potion of flight {unknown}
 k - a potion of agility {unknown}
 m - a potion of haste {unknown}
 u - a potion of heal wounds {unknown}
 D - a potion of invisibility {unknown}
 H - a potion of mutation {unknown}
Comestibles
 f - 9 rations


   Skills:
 + Level 4.2 Fighting
 + Level 3.8 Axes
 + Level 3.2 Armour
 + Level 0.6 Dodging
 + Level 3.1 Shields


You had 5 spell levels left.
You didn't know any spells.

Dungeon Overview and Level Annotations

Branches:
Dungeon (4/15)
 Temple: D:4-7

Altars:
Fedhas
Nemelex Xobeh
Qazlal
Wu Jian
Zin

Annotations:
D:4 Grinder; elQueFaltaba's ghost, amateur HuGl


Innate Abilities, Weirdness & Mutations

You have hooves in place of feet.
Armour fits poorly on your strangely shaped body.
You cover ground very quickly.
You have extremely tough skin. (AC +3)


Message History

ElQueFaltaba's ghost hits you but does no damage. x2
ElQueFaltaba's ghost hits you. Grinder hits you.
ElQueFaltaba's ghost hits you but does no damage.
Grinder gestures at you. Pain shoots through your body!
ElQueFaltaba's ghost hits you!
* * * LOW HITPOINT WARNING * * *
Grinder gestures at you.
You barely resist.
ElQueFaltaba's ghost hits you but does no damage.
Grinder hits you.
* * * LOW HITPOINT WARNING * * *
You writhe in agony.
* * * LOW HITPOINT WARNING * * *
You can move again.
You block elQueFaltaba's ghost's attack.
Grinder hits you but does no damage. ElQueFaltaba's ghost hits you.
You die...
Your body disappears without a glow.

(.#.#...#######..# .#
.[#.#....# #..#..#
..#.####'### #..#..
###.##≈§.≈§# #....
.....#≈#.#≈## #..#
##...'.._..+.##..#
#..##≈#.#§#...5.#
#..##≈≈.§≈####..#
#..####+### #W@#
#..#.... #####..###
#..#... #........#...
#..#..####..........W.
##..#....##....###...#..
....#....##....# .!...
......<..####..###...#..
.........####......#.# #
...................#..


You could see Grinder and elQueFaltaba's ghost.

Vanquished Creatures
  The ghost of martbhell the Chopper, an amateur HOBe of Trog (D:3)
  An ogre (D:3)
  4 adders
  5 worms
  4 dart slugs
  3 leopard geckos
  6 orcs
  7 giant cockroaches
  14 goblins
  9 hobgoblins
  5 jackals (D:3)
  A quokka (D:2)
  A ball python (D:2)
  5 bats
  8 kobolds
  A quokka zombie (D:4)
  11 rats
  4 fungi (D:3)
  4 plants (D:3)
94 creatures vanquished.

Vanquished Creatures (others)
  A kobold (D:2)
1 creature vanquished.

Grand Total: 95 creatures vanquished

Notes
Turn   | Place    | Note
-------+----------+-------------------------------------------
     0 | D:1      | IDKFA the Centaur Fighter began the quest for the Orb.
     0 | D:1      | Reached XP level 1. HP: 19/19 MP: 1/1
   171 | D:1      | Reached XP level 2. HP: 16/26 MP: 2/2
   654 | D:1      | Reached XP level 3. HP: 31/31 MP: 3/3
  1409 | D:2      | Found a sparkling altar of Nemelex Xobeh.
  1424 | D:2      | Became a worshipper of Nemelex Xobeh the Trickster
  1454 | D:2      | Found a glowing silver altar of Zin.
  1455 | D:2      | Noticed an angel
  1845 | D:2      | Reached XP level 4. HP: 32/38 MP: 4/4
  1970 | D:2      | Received a gift from Nemelex Xobeh
  2291 | D:2      | Found a stormy altar of Qazlal.
  3043 | D:3      | Found a blossoming altar of Fedhas.
  3085 | D:3      | Noticed martbhell's ghost (amateur HOBe)
  3498 | D:3      | Killed martbhell's ghost
  3498 | D:3      | Reached skill level 4 in Fighting
  3498 | D:3      | Reached XP level 5. HP: 31/46 MP: 5/5
  3498 | D:3      | Reached XP level 6. HP: 35/52 MP: 6/6
  3658 | D:3      | Reached * piety under Nemelex Xobeh
  4090 | D:4      | Found an ornate altar of the Wu Jian Council.
  4245 | D:3      | HP: 2/52 [ogre/giant club (15)]
  4626 | D:4      | Noticed Grinder
  4629 | D:4      | Noticed elQueFaltaba's ghost (amateur HuGl)
  4640 | D:4      | Paralysed by Grinder for 7 turns
  4646 | D:4      | HP: 2/52 [Grinder (6)]
  4648 | D:4      | Slain by elQueFaltaba's ghost

Skill      XL: |  1  2  3  4  5  6 |
---------------+-------------------+-----
Axes           | 2 3 |  3.8
Fighting       | 4 |  4.2
Armour         | 3 |  3.2
Shields        | 3 |  3.1
Dodging        | |  0.6

Action                   |  1- 3 |  4- 6 || total
-------------------------+-------+-------++-------
Melee: War axe           |   121 |   195 ||   316
       Kick              |    17 |    49 ||    66
  Use: Scroll            |     1 |       ||     1
  Eat: Chunk             |     2 |       ||     2
       Ration            |       |     3 ||     3
Armor: Scale mail        |    51 |    33 ||    84
       Plate armour      |       |    33 ||    33
Dodge: Dodged            |    23 |    26 ||    49
Block: Shield            |    58 |    97 ||   155
       Reflection        |     7 |     1 ||     8
